 Dungeon Crawl Stone Soup version 0.30-b1-2-g02819fbbbe (webtiles) character file.

Game seed: 7925078580581227445

19210 Brarox the Warrior (level 12, -21/122 HPs)
             Began as a Minotaur Berserker on Nov 2, 2023.
             Was a High Priest of Trog.
             Demolished by a skeletal warrior
             ... wielding a +0 halberd
              (35 damage)
             ... on level 11 of the Dungeon on Nov 3, 2023.
             The game lasted 01:52:00 (11602 turns).

Brarox the Warrior (Minotaur Berserker)            Turns: 11602, Time: 01:52:00

Health: -21/122    AC: 21    Str: 32      XL:     12   Next: 34%
Magic:  2/2        EV: 11    Int:  2 (3)  God:    Trog [*****.]
Gold:   959        SH:  0    Dex:  9 (11) Spells: 11/11 levels left

rFire   + + .        E - +0 war axe (protect)
rCold   . . .        D - orb of Huhiul {mayhem, -Cast rN+++ Will++ SInv}
rNeg    + + +        s - +5 ring mail of Tausamum {Fly rF++ MP-9 Stlth-}
rPois   +            (helmet unavailable)
rElec   .            B - +2 ratskin cloak {*Rats rPois rN+ Str-1 Int-1 Dex+1}
rCorr   .            b - +1 pair of gloves
SInv    +            I - +0 pair of boots
Will    ++...        (no amulet) Stlth
                     i - +4 ring of slaying
HPRegen 0.40/turn    j - +6 ring of strength
MPRegen 0.08/turn

%: no spellcasting, mayhem, clarity
@: on berserk cooldown, flying, slowed, very slow
A: horns 3, retaliatory headbutt, clarity
a: Renounce Religion, Berserk, Trog's Hand, Brothers in Arms


You were on level 11 of the Dungeon.
You worshipped Trog.
Trog was extremely pleased with you.
You visited 3 branches of the dungeon, and saw 14 of its levels.

You collected 959 gold pieces.

Inventory:

Hand Weapons
 a - a +1 hand axe
 E - a +0 war axe of protection (weapon)
 J - a +3 hand axe
 K - a +5 hand axe
Missiles
 d - 107 stones (quivered)
 u - 3 throwing nets
Armour
 b - a +1 pair of gloves (worn)
 c - a +0 cloak
 r - a scarf of invisibility
 s - the +5 ring mail of Tausamum (worn) {Fly rF++ MP-9 Stlth-}
   (You found it on level 4 of the Dungeon)

   rF:        It greatly protects you from fire.
   MP:        It affects your magic capacity (-9).
   Fly:       It grants you flight.
   Stlth:     It makes you less stealthy.
 B - the +2 ratskin cloak (worn) {*Rats rPois rN+ Str-1 Int-1 Dex+1}
   (You found it on level 7 of the Dungeon)

   *Rats:     When the wearer is hurt, rats may emerge from it to assist them.
   Str:       It affects your strength (-1).
   Int:       It affects your intelligence (-1).
   Dex:       It affects your dexterity (+1).
   rPois:     It protects you from poison.
   rN:        It protects you from negative energy.
 D - the orb of Huhiul (worn) {mayhem, -Cast rN+++ Will++ SInv}
   (You found it on level 8 of the Dungeon)

   rN:        It renders you almost immune to negative energy.
   SInv:      It lets you see invisible.
   -Cast:     It prevents spellcasting.
   Will:      It greatly increases your willpower.
 I - a +0 pair of boots (worn)
 R - +1 acid dragon scales
Jewellery
 h - a ring of resist corrosion
 i - a +4 ring of slaying (left hand)
 j - a +6 ring of strength (right hand)
 t - an amulet of regeneration
 C - a +6 ring of dexterity
 L - a ring of ice
 T - a ring of protection from fire
Wands
 q - a wand of roots (8)
 w - a wand of quicksilver (7)
 G - a wand of flame (14)
 H - a wand of charming (16)
 M - a wand of digging (12)
Scrolls
 m - 2 scrolls of amnesia
 o - a scroll of teleportation
 p - 2 scrolls of fear
 x - 4 scrolls of fog
 y - 2 scrolls of identify
 F - 2 scrolls of immolation
 O - 2 scrolls of blinking
Potions
 e - 3 potions of mutation
 f - a potion of resistance
 g - a potion of heal wounds
 k - 2 potions of haste
 l - 5 potions of curing
 n - a potion of might
 v - 2 potions of cancellation
 z - 2 potions of lignification
 A - a potion of invisibility
 N - 2 potions of flight
 Q - 2 potions of magic
 S - 3 potions of brilliance


   Skills:
 + Level 15.7 Fighting
 - Level 11.6 Axes
 + Level 15.5 Armour
 - Level 2.2 Dodging


You had 11 spell levels left.
You didn't know any spells.
Your spell library contained the following spells:

 Spells                   Type           Power      Damage    Failure   Level
 Manifold Assault         Tloc           0%         N/A       100%        4
 Dispersal                Tloc           0%         N/A       100%        6
 Disjunction              Tloc           0%         N/A       100%        8


Dungeon Overview and Level Annotations

Branches:
Dungeon (11/15)            Temple (1/1) D:5            Lair (2/5) D:10
  Swamp: Lair:2-3    Shoals: Lair:2-3     Snake: Lair:2-3    Spider: Lair:2-3
    Orc: D:9-12

Altars:
Ashenzari
Cheibriados
Dithmenos
Elyvilon
Fedhas
Gozag
Hepliaklqana
Kikubaaqudgha
Makhleb
Nemelex Xobeh
Okawaru
Qazlal
Ru
Sif Muna
Trog
Uskayaw
Vehumet
Wu Jian
Xom
Yredelemnul
Zin
The Shining One


Innate Abilities, Weirdness & Mutations

You have a pair of large horns on your head.
You reflexively headbutt those who attack you in melee.
You possess an exceptional clarity of mind.


Message History

The skeletal warrior is moderately damaged.
You barely miss the skeletal warrior. You headbutt the skeletal warrior!!
The skeletal warrior is severely damaged.
You are no longer berserk.
You are exhausted.
You feel yourself slow down.
The skeletal warrior hits you but does no damage.
You slash the skeletal warrior!
The skeletal warrior is almost destroyed.
The skeletal warrior hits you with a +0 halberd!!
The skeletal warrior hits the skeletal warrior with a +0 halberd!!
The skeletal warrior hits you from afar with a +1 vampiric glaive!
* * * LOW HITPOINT WARNING * * *
The skeletal warrior hits you with a +0 halberd!
* * * LOW HITPOINT WARNING * * *
The skeletal warrior hits the skeletal warrior with a +0 halberd!
The skeletal warrior barely misses the skeletal warrior.
The skeletal warrior hits the skeletal warrior with a +0 halberd!
The skeletal warrior hits the skeletal warrior with a +0 halberd!!!
The skeletal warrior is destroyed!
Trog accepts your kill.
You feel your dexterity returning.
The skeletal warrior hits you from afar with a +0 halberd!
* * * LOW HITPOINT WARNING * * *
There are no items here.
You feel much better. The skeletal warrior barely misses you.
The skeletal warrior hits you from afar with a +0 halberd!
* * * LOW HITPOINT WARNING * * *
A hell rat scurries out from under your cloak.
The skeletal warrior barely misses your hell rat.
The skeletal warrior hits your hell rat from afar with a +0 halberd!!
Your hell rat dies!
Aiming: Charm
Press: ? - help, Shift-Dir - straight line, f - skeletal warrior
Aim: a skeletal warrior, wielding a +0 halberd (severely damaged, fast, strong, frenzied and insane, chance to affect: 1%)
The skeletal warrior resists with almost no effort.
The skeletal warrior hits you from afar with a +0 halberd!
* * * LOW HITPOINT WARNING * * *
The skeletal warrior hits you from afar with a +0 halberd!!
You die...

...#######.......# ...#
###'##### ...# #..#
...# #.## #### #.# #.#
####### #####.####
....... #........###
....... #.........@##
.......
#........#..###.......
#........##.z.))).....
#.........######.......
##........# .......
##.......# .......
##......# .......
###.#### #####+#


You could see a neutral skeletal warrior (fast, strong, insane).

Vanquished Creatures
  2 skeletal warriors (D:11)
  Pikel (D:4)
  A black mamba (Lair:1)
  2 cane toads
  An unseen horror (D:10)
  Maggie (D:10)
  4 komodo dragons
  3 trolls
  2 hornets (Lair:1)
  9 blink frogs
  Sigmund (D:2)
  A shadow (D:9)
  A hog (shapeshifter) (D:11)
  11 yaks
  5 wyverns
  Grum (D:9)
  2 basilisks (D:10)
  Edmund (D:6)
  4 water moccasins
  Duvessa (D:6)
  2 orc warriors
  A sky beast (D:8)
  A black bear (D:5)
  3 ogres
  An ice beast (D:7)
  2 wolves (D:9)
  7 centaurs
  2 phantoms (D:5)
  6 bullfrogs
  3 kobold brigands
  5 scorpions
  7 wights
  Dowan (D:6)
  5 killer bees (D:9)
  5 howler monkeys
  3 jellies
  3 hounds
  8 orc priests
  Crazy Yiuf (D:2)
  2 gnoll boudas
  2 sleepcaps
  11 iguanas
  10 orc wizards
  Natasha (twice) (D:2)
  12 adders
  3 gnolls (D:6)
  A shadow imp (D:5)
  3 ufetubi
  A worm (D:5)
  A dart slug (D:1)
  26 orcs
  8 ball pythons
  4 bats
  9 endoplasms
  3 giant cockroaches
  5 goblins
  11 hobgoblins
  5 quokkas
  6 frilled lizards
  19 kobolds
  5 rats
269 creatures vanquished.

Vanquished Creatures (collateral kills)
  2 two-headed ogres
  A skeletal warrior (D:11)
  The ghost of othur the Geomancer, a novice MiEE of Hepliaklqana (D:7)
  2 komodo dragons
  2 hornets (Lair:1)
  3 yaks
  2 water moccasins (D:10)
  An orc warrior (D:10)
  An ogre (D:7)
  A gnoll sergeant (D:10)
  A killer bee (D:9)
  3 gnolls (D:10)
  2 orcs
  3 kobolds (D:9)
25 creatures vanquished.

Vanquished Creatures (others)
  An orc (D:8)
  7 fungi
  18 plants
26 creatures vanquished.

Grand Total: 320 creatures vanquished

Notes
Turn   | Place    | Note
-------+----------+-------------------------------------------
     0 | D:1      | Brarox the Minotaur Berserker began the quest for the Orb.
     0 | D:1      | Reached XP level 1. HP: 19/19 MP: 0/0
   132 | D:1      | Reached XP level 2. HP: 27/27 MP: 1/1
   756 | D:1      | Reached XP level 3. HP: 33/33 MP: 2/2
   782 | D:1      | Reached skill level 5 in Axes
   799 | D:1      | Gained mutation: You are dopey. (Int -2) [potion of
                  | mutation]
   799 | D:1      | Gained mutation: You have a pair of large horns on your
                  | head. [potion of mutation]
   799 | D:1      | Lost mutation: You are dopey. (Int -2) [potion of mutation]
   799 | D:1      | Gained mutation: You possess an exceptional clarity of
                  | mind. [potion of mutation]
   861 | D:2      | Reached ** piety under Trog
   876 | D:2      | Found a sparkling altar of Nemelex Xobeh.
   988 | D:2      | Noticed Sigmund
  1113 | D:3      | Found a glowing golden altar of the Shining One.
  1119 | D:3      | Found a shimmering altar of Xom.
  1119 | D:3      | Found a shimmering altar of Xom.
  1121 | D:3      | Found a glowing silver altar of Zin.
  1121 | D:3      | Found a stormy altar of Qazlal.
  1121 | D:3      | Found a glowing silver altar of Zin.
  1238 | D:3      | Reached XP level 4. HP: 37/40 MP: 3/3
  1610 | D:3      | Found a shimmering blue altar of Sif Muna.
  1723 | D:2      | Killed Sigmund
  1724 | D:2      | Reached XP level 5. HP: 46/46 MP: 4/4
  1775 | D:2      | Reached XP level 6. HP: 48/52 MP: 5/5
  1994 | D:2      | Noticed Natasha
  2000 | D:2      | Killed Natasha
  2063 | D:2      | Noticed Natasha
  2075 | D:2      | Killed Natasha
  2209 | D:2      | Found a runed translucent door.
  2210 | D:2      | Noticed Crazy Yiuf
  2219 | D:2      | Killed Crazy Yiuf
  2703 | D:4      | Reached *** piety under Trog
  2735 | D:4      | Reached XP level 7. HP: 38/58 MP: 6/6
  3058 | D:4      | Noticed Pikel
  3084 | D:4      | Killed Pikel
  3085 | D:4      | Reached XP level 8. HP: 66/66 MP: 7/7
  3170 | D:4      | Identified the +5 ring mail of Tausamum {Fly rF++ MP-9
                  | Stlth-}
  3463 | D:5      | Entered Level 5 of the Dungeon
  3466 | D:5      | Found a bloodstained altar of Trog.
  3580 | D:5      | Reached skill level 5 in Fighting
  3759 | D:5      | Reached skill level 5 in Armour
  3809 | D:5      | Found a staircase to the Ecumenical Temple.
  3822 | Temple   | Entered the Ecumenical Temple
  4268 | D:6      | Noticed Duvessa
  4268 | D:6      | Noticed Dowan
  4351 | D:6      | Killed Duvessa
  4352 | D:6      | Reached XP level 9. HP: 79/79 MP: 0/8
  4359 | D:6      | Killed Dowan
  4379 | D:6      | Noticed Edmund
  5022 | D:6      | Killed Edmund
  5468 | D:7      | Found a transporter.
  5469 | D:7      | Found a transporter.
  5469 | D:7      | Noticed othur's ghost (novice MiEE)
  5494 | D:7      | Noticed a two-headed ogre
  5532 | D:7      | Found a sand-covered staircase.
  5548 | D:7      | Found the +2 ratskin cloak {*Rats rPois rN+ Str-1 Int-1
                  | Dex+1}
  5707 | D:7      | Reached **** piety under Trog
  6199 | D:7      | Reached skill level 10 in Fighting
  6388 | D:7      | Portal
  6511 | D:8      | Reached XP level 10. HP: 93/93 MP: 0/9
  6550 | D:8      | Identified the orb of Huhiul {mayhem, -Cast rN+++ Will++
                  | SInv}
  6571 | D:8      | Reached skill level 10 in Armour
  7307 | D:9      | Noticed Grum
  7320 | D:9      | Killed Grum
  7444 | D:9      | Found an iron altar of Okawaru.
  7833 | D:10     | Entered Level 10 of the Dungeon
  7849 | D:10     | Reached ***** piety under Trog
  7884 | D:10     | Found a staircase to the Lair.
  8114 | D:10     | Reached XP level 11. HP: 77/105 MP: 1/10
  8469 | D:10     | Noticed Maggie
  8473 | D:10     | Killed Maggie
  8786 | D:10     | Found a glowing golden altar of the Shining One.
  8788 | D:10     | Found a snail-covered altar of Cheibriados.
  8792 | D:10     | Found a hazy altar of Hepliaklqana.
  8795 | D:10     | Found a hide-covered altar of Uskayaw.
  8797 | D:10     | Found a radiant altar of Vehumet.
  8799 | D:10     | Found an ornate altar of the Wu Jian Council.
  8807 | D:10     | Found a broken altar of Ashenzari.
  9088 | D:10     | Noticed a two-headed ogre
  9098 | D:10     | Killed a two-headed ogre
  9488 | D:7      | Killed a two-headed ogre
  9496 | D:7      | Killed othur's ghost
  9612 | Lair:1   | Entered Level 1 of the Lair of Beasts
 10485 | Lair:1   | Identified the +9 dagger of the Eggplant {flame, rF- Str+3
                  | Int+3 Dex+6}
 10546 | Lair:1   | Reached XP level 12. HP: 112/118 MP: 2/11
 10555 | Lair:1   | Reached skill level 15 in Fighting
 10983 | Lair:2   | Reached skill level 15 in Armour
 11134 | Lair:2   | Noticed an eight-headed hydra
 11602 | D:11     | Demolished by a skeletal warrior

Illustrated notes

.....# #.# ### #.#.# ####.#
#.#.. .© #.... #.#
#.#..##...##. #.#.. #.#
#.#.#..#.#..#.#.#.. #.#
#.#.#..#.#..#.#.... #.#
#<#.O##...##..#.... #.#
#)#W...!/).=..##... #.#
#.###############.. #.#
#.@....©.©.....###. ####.#
##.............# #.
>....#########
######..####### #.
#............# #...## #.
#.####.##.##.########....##
#. #.#
#.##.##..............# #.
#.# #.##.#######...###...#
#. ..#
##.##...........#∩#...# #.
### #...#########.###.###.#
#.


Turn 6388 on D:7: Portal

Levels and vault maps discovered:
D:1:      lemuel_arrival_behind_the_door_large, layout_loops_ring
D:2:      layout_loops_ring, basic_altar, uniq_natasha, uniq_crazy_yiuf_cottage,
          uniq_sigmund
D:3:      layout_rooms, lemuel_blue_sif_altar, doesnt_xom_only_xom,
          grunt_ministairs_6
D:4:      layout_layer_cave, uniq_pikel
D:5:      layout_rooms, lemuel_round_altar, minmay_temple_entry_junction_2,
          hangedman_decor_lopped, fountainhead, grunt_decor_resistance,
          minmay_fractal_squares_diagonal_5
D:6:      layout_basic, portal_sewer_entry_e, uniq_edmund, uniq_duvessa
D:7:      layout_loops_ring, nicolae_ossuary_entry_plus, gammafunk_ghost_smash
D:8:      layout_rooms
D:9:      layout_rooms, kennysheep_little_box, uniq_grum
D:10:     layout_irregular_city, nicolae_overflow_hallway_of_the_gods,
          minmay_lair_entry_grove, minmay_lizard_king, uniq_maggie
D:11:     layout_roguey, hiddenorc1_lemuel, serial_shops,
          nicolae_shop_rolling_square, minmay_misc_feat_secret_circle
Temple:   hellmonk_temple_of_storms
Lair:1:   layout_cave_pods, dreamdust_wasp_nest
Lair:2:   layout_hall_layers, serial_rivers, chequers_serial_rivers_small_3,
          chequers_serial_rivers_room_a, chequers_serial_rivers_micro_c,
          chequers_serial_rivers_large_a, nzn_masters_of_martial_movement

Skill      XL: |  1  2  3  4  5  6  7  8  9 10 11 12 |
---------------+-------------------------------------+-----
Axes           | 4 5 8 9 11 | 11.6
Fighting       | 7 10 12 14 15 | 15.7
Armour         | 6 9 12 14 15 | 15.5
Dodging        | |  2.2

Action                     |  1- 3 |  4- 6 |  7- 9 | 10-12 || total
---------------------------+-------+-------+-------+-------++-------
  Melee: Hand axe          |    79 |    87 |   206 |       ||   372
         Headbutt          |    10 |    16 |    50 |    48 ||   124
         Punch             |       |     1 |     3 |       ||     4
         War axe           |       |       |    17 |   247 ||   264
  Throw: Stone             |     7 |       |     4 |       ||    11
         Dart              |     3 |       |       |       ||     3
 Invoke: Berserk           |     1 |     2 |     8 |    10 ||    21
         Brothers in Arms  |       |       |       |     2 ||     2
  Evoke: Wand              |       |       |       |     2 ||     2
    Use: Potion            |     3 |       |     1 |     5 ||     9
         Scroll            |     2 |     3 |     8 |    10 ||    23
   Stab: Sleeping          |     1 |       |       |       ||     1
 Armour: Animal skin       |    12 |     6 |       |       ||    18
         Ring mail         |       |    10 |    68 |   146 ||   224
         Scale mail        |       |     7 |     6 |       ||    13
  Dodge: Dodged            |    56 |    41 |    79 |   161 ||   337
